AoeStats
← 河北彩花

Black Forest

507683263Analyzed
4v4 RM · 14d ago on Sep 19, 2026· 39m 37s· 8 players
Game mode
Random Map
Map size
Large (8 player)
Population
200
Speed
Normal
Resources
Standard
Victory
Conquest
Starting age
Dark Age
Ending age
Imperial Age
RankedLock teamsTeams togetherTeam positionsShared explorationLock speedFull tech treeHidden civsTurbo modeCheats
Victory
Defeat
🇨🇳 Saracens · China
1351
+12
🇮🇹 Byzantines · Italy
1278
+15
🇮🇳 Bulgarians · India
1265
+15
🇬🇧 Italians · United Kingdom
1180
+19
🇨🇳 Bohemians · China
1332
-19
🇨🇳 Persians · China
1258
-15
🇻🇳 Hindustanis · Vietnam
1213
-14
🇲🇴 Cumans · Macao SAR China
1196
-13
Billeybowb
0:50 Loom
16:47 Feudal Age
17:13 Double-Bit Axe
20:13 Stone Mining
20:15 Horse Collar
22:47 Castle Age
21:18 Fishing Lines
23:38 Wheelbarrow
23:46 Bow Saw
23:48 Gillnets
24:06 Heavy Plow
25:24 Hand Cart
25:06 Gold Mining
27:51 Stone Shaft Mining
27:30 Fletching
27:40 Padded Archer Armor
28:03 Ballistics
27:54 Masonry
32:02 Imperial Age
31:12 Bodkin Arrow
31:33 Leather Archer Armor
31:29 Forging
31:25 Scale Barding Armor
32:03 Caravan
32:30 Silk Road
33:35 Town Watch
34:15 Conscription
35:01 Chemistry
34:32 Architecture
35:28 Two-Man Saw
34:34 Bracer
36:09 Ring Archer Armor
35:23 Elite Genoese Crossbowman
Mezsar
0:46 Loom
12:41 Feudal Age
13:36 Double-Bit Axe
18:02 Castle Age
16:42 Fishing Lines
17:42 Wheelbarrow
17:47 Horse Collar
19:19 Bow Saw
20:00 Fletching
24:19 Gillnets
30:12 Imperial Age
28:55 Hand Cart
28:31 Gold Mining
28:44 Caravan
29:47 Scale Mail Armor
29:58 Forging
29:54 Scale Barding Armor
30:03 Masonry
30:04 Stone Mining
29:43 Pikeman
30:41 Halberdier
31:37 Heavy Plow
32:04 Chain Mail Armor
32:25 Iron Casting
32:40 Bodkin Arrow
33:49 Squires
33:34 Arson
35:28 Plate Mail Armor
36:00 Blast Furnace
36:12 Conscription
38:38 Bracer
39:02 Ballistics
39:42 Chemistry
39:13 Architecture
ahjol
10:21 Feudal Age
10:50 Double-Bit Axe
15:54 Castle Age
17:00 Bow Saw
17:11 Fishing Lines
21:57 Loom
23:01 Gillnets
23:38 Gold Mining
23:58 Horse Collar
25:44 Wheelbarrow
27:45 Hand Cart
30:21 Imperial Age
28:13 Stone Mining
29:39 Gold Shaft Mining
29:08 Heavy Plow
29:39 Scale Barding Armor
29:44 Forging
30:00 Caravan
31:34 Chain Barding Armor
31:49 Iron Casting
31:39 Conscription
31:41 Husbandry
31:51 Bloodlines
32:57 Two-Man Saw
31:44 Town Watch
31:29 Heavy Camel Rider
32:53 Plate Barding Armor
32:34 Treadmill Crane
33:59 Blast Furnace
33:59 Coinage
34:13 Counterweights
37:38 Banking
lillithadam20
12:29 Feudal Age
12:49 Feudal Age
16:29 Castle Age
14:37 Double-Bit Axe
14:45 Gold Mining
14:39 Horse Collar
17:26 Bow Saw
25:29 Caravan
27:03 Wheelbarrow
28:09 Hand Cart
30:32 Imperial Age
28:44 Scale Barding Armor
28:50 Forging
28:34 Stone Mining
29:35 Chain Barding Armor
30:22 Stone Shaft Mining
30:50 Iron Casting
31:41 Gold Shaft Mining
32:18 Plate Barding Armor
31:30 Elite Cataphract
34:27 Chemistry
34:42 Two-Man Saw
33:51 Fletching
33:43 Treadmill Crane
34:56 Greek Fire
35:10 Logistica
35:28 Conscription
37:00 Heavy Plow
37:03 Bodkin Arrow
37:30 Bracer
38:44 Bombard Tower
38:45 Ballistics
菜鸡互啄
1:22 Loom
9:49 Loom
13:38 Feudal Age
17:50 Castle Age
16:26 Fishing Lines
16:38 Double-Bit Axe
20:07 Gillnets
20:32 Bow Saw
27:38 Wheelbarrow
28:37 Hand Cart
32:30 Imperial Age
31:19 Squires
30:40 Pikeman
31:21 Scale Mail Armor
31:32 Forging
31:36 Wagenburg Tactics
33:37 Chemistry
32:18 Treadmill Crane
32:32 Guard Tower
32:51 Halberdier
34:08 Chain Mail Armor
34:29 Iron Casting
37:40 Two-Man Saw
38:12 Houfnice
39:33 Masonry
河北彩花
0:32 Loom
12:17 Feudal Age
14:23 Wheelbarrow
13:40 Double-Bit Axe
14:22 Horse Collar
16:15 Fishing Lines
17:03 Town Watch
24:28 Castle Age
23:42 Gold Mining
23:44 Stone Mining
25:29 Hand Cart
25:38 Bow Saw
26:12 Heavy Plow
25:59 Town Watch
31:50 Imperial Age
29:52 Padded Archer Armor
29:43 Fletching
30:19 Ballistics
30:28 Bloodlines
30:25 Thumb Ring
31:25 Gold Shaft Mining
31:21 Bodkin Arrow
31:42 Leather Archer Armor
31:34 Scale Barding Armor
31:41 Forging
30:56 Light Cavalry
32:24 Steppe Husbandry
33:00 Parthian Tactics
31:58 Hussar
32:17 Elite Kipchak
33:30 Caravan
34:27 Ring Archer Armor
34:18 Chain Barding Armor
34:25 Chain Barding Armor
35:10 Chemistry
34:43 Conscription
36:01 Plate Barding Armor
36:02 Iron Casting
35:48 Cuman Mercenaries
38:27 Hoardings
Shadow
0:27 Loom
13:23 Feudal Age
19:00 Castle Age
17:05 Double-Bit Axe
17:53 Fishing Lines
18:51 Stone Mining
19:57 Bow Saw
21:49 Gillnets
26:33 Wheelbarrow
28:25 Hand Cart
28:30 Fletching
29:11 Gold Mining
29:58 Stone Shaft Mining
30:33 Town Watch
32:56 Gold Shaft Mining
32:37 Husbandry
32:47 Bloodlines
31:57 Light Cavalry
36:09 Imperial Age
34:36 Scale Mail Armor
34:42 Scale Barding Armor
34:49 Forging
34:34 Bodkin Arrow
36:08 Pikeman
36:49 Squires
DancingSword
8:05 Loom
10:47 Feudal Age
16:03 Castle Age
14:20 Double-Bit Axe
14:41 Horse Collar
17:35 Wheelbarrow
18:38 Bow Saw
20:44 Heavy Plow
25:58 Hand Cart
29:41 Imperial Age
27:28 Gold Mining
28:46 Gold Shaft Mining
28:02 Stone Mining
29:01 Scale Barding Armor
29:09 Forging
29:37 Stone Shaft Mining
30:54 Conscription
30:29 Cavalier
31:09 Husbandry
31:39 Chain Barding Armor
31:56 Iron Casting
31:42 Bloodlines
31:49 Savar
33:27 Crop Rotation
33:58 Two-Man Saw
34:08 Two-Man Saw
34:08 Plate Barding Armor
34:09 Kamandaran
35:10 Thumb Ring
34:26 Crossbowman
36:08 Chemistry
35:38 Ballistics
35:14 Heavy Camel Rider
36:27 Padded Archer Armor
37:29 Blast Furnace
36:36 Fletching
38:27 Leather Archer Armor
37:51 Light Cavalry
38:43 Pikeman
39:24 Squires
39:10 Arson
39:50 Bodkin Arrow
40:26 Ring Archer Armor
Connection lost

Rejoining the realm…

Still unreachable

The connection could not be restored.

Session expired

The server has moved on; the page needs a fresh start.